 Dungeon Crawl Stone Soup version 0.21-a0-538-gd16b88a (webtiles) character file.

13 slep the Chopper (level 2, 0/22 HPs)
             Began as a Demonspawn Gladiator on Dec 15, 2017.
             Slain by a giant cockroach (1 damage)
             ... on level 1 of the Dungeon.
             The game lasted 00:01:28 (216 turns).

slep the Chopper (Demonspawn Gladiator)              Turns: 216, Time: 00:01:29

Health: 0/22       AC:  6    Str: 14    XL:     2   Next: 24%
Magic:  2/2        EV: 12    Int:  9    God:
Gold:   15         SH:  0    Dex: 14    Spells: 1/1 levels left

rFire    . . .     SeeInvis .   a - +0 war axe
rCold    . . .     Gourm    .   (no shield)
rNeg     . . .     Faith    .   b - +0 leather armour
rPois    .         Spirit   .   c - +0 helmet
rElec    .         Reflect  .   (no cloak)
rCorr    .         Harm     .   (no gloves)
MR       .....                  (no boots)
Stlth    +.........             (no amulet)
HPRegen  0.07/turn              (no ring)
MPRegen  0.08/turn              (no ring)

@: no status effects
A: iridescent scales 1
a: no special abilities


You were on level 1 of the Dungeon.
You were not hungry.

You visited 1 branch of the dungeon, and saw 1 of its levels.

You collected 15 gold pieces.

Inventory:

Hand Weapons
 a - a +0 war axe (weapon)
Missiles
 d - 3 throwing nets (quivered)
Armour
 b - a +0 leather armour (worn)
 c - a +0 helmet (worn)
Scrolls
 h - a scroll of magic mapping {unknown}
 i - a scroll of enchant armour {unknown}
Potions
 e - a potion of brilliance {unknown}
Comestibles
 f - a bread ration
 g - a chunk of flesh


   Skills:
 + Level 2.2 Fighting
 + Level 3.1 Axes
 + Level 1.7 Throwing
 + Level 2.8 Dodging


You had one spell level left.
You didn't know any spells.

Dungeon Overview and Level Annotations

Branches:
Dungeon (1/15)

Altars:


Innate Abilities, Weirdness & Mutations

You are partially covered in iridescent scales. (AC +2)


Message History

You hit the rat but do no damage.
You hit the giant cockroach but do no damage.
The giant cockroach bites you but does no damage.
The rat bites you.
* * * LOW HITPOINT WARNING * * *
The giant cockroach bites you but does no damage.
The rat barely misses you.
You barely miss the rat.
You hit the giant cockroach but do no damage.
The giant cockroach barely misses you. The rat bites you but does no damage.
You barely miss the rat.
You hit the giant cockroach but do no damage.
The giant cockroach bites you but does no damage.
The rat bites you but does no damage. The giant cockroach misses you.
You slash the rat!
You kill the rat!
You hit the hobgoblin. You closely miss the giant cockroach.
The hobgoblin hits you but does no damage.
The giant cockroach bites you.
You die...

####### ####.....#
........# .......#
#.....# #########
#.s.g.# #..)....(
######.#@##
#.######.
....##....#####
#.# #. #
#...........# #.#
#.
#.####..#....###.#
#.# #.
#.#..)..#.#.## #.#
#.# #.
#.........#.# #.#
#.# #.
###.##....#.# #.#
#.# #. #.#####.#.#
#.# #รท# #.
#.#####>#.# #.#
#)# #.


You could see a giant cockroach and a hobgoblin.

Vanquished Creatures
  A dart slug (D:1)
  A leopard gecko (D:1)
  A goblin (D:1)
  A hobgoblin (D:1)
  3 bats (D:1)
  A kobold (D:1)
  2 rats (D:1)
10 creatures vanquished.

Notes
Turn   | Place    | Note
-------+----------+-------------------------------------------
     0 | D:1      | slep the Demonspawn Gladiator began the quest for the Orb.
     0 | D:1      | Reached XP level 1. HP: 16/16 MP: 1/1
   148 | D:1      | Reached skill level 3 in Axes
   148 | D:1      | Gained mutation: You are partially covered in iridescent scales. (AC +2) [demonic ancestry]
   148 | D:1      | Reached XP level 2. HP: 13/22 MP: 2/2
   213 | D:1      | HP: 1/22 [rat (3)]
   216 | D:1      | Slain by a giant cockroach

Vault maps used:
D:1:      evilmike_arrival_come_back

Skill      XL: |  1 |
---------------+----+-----
Axes           | 3 |  3.1
Fighting       | |  2.2
Throwing       | |  1.7
Dodging        | |  2.8

Action                   || total
-------------------------++-------
Melee: War axe           ||    37
Armor: Leather armour    ||    12
Dodge: Dodged            ||    28

Table legend:
 A = Spawn XP
 B = Non-spawn XP
 C = Spawn XP percentage of total XP
 D = Spawn monster count
 E = Non-spawn monster count
 F = Spawn count percentage of total count
 G = Total turns spent on level
                    A         B        C        D         E        F      G
               +---------+---------+-------+---------+---------+-------+---------
         Total |       0 |      19 |   0.0 |       0 |      10 |   0.0 |   216
               +---------+---------+-------+---------+---------+-------+---------
           D:1 |       0 |      19 |   0.0 |       0 |      10 |   0.0 |   216
               +---------+---------+-------+---------+---------+-------+---------
